 Dungeon Crawl Stone Soup version 0.28.0-61-g67df4f89a8 (webtiles) character file.

Game seed: 13896574613154201359

3208 NotaViper the Carver (level 9, -2/89 HPs)
             Began as a Troll Berserker on Feb 15, 2023.
             Was a Priest of Trog.
             Slain by a wyvern (14 damage)
             ... on level 7 of the Dungeon.
             The game lasted 00:34:23 (5500 turns).

NotaViper the Carver (Troll Berserker)              Turns: 5500, Time: 00:34:24

Health: -2/89      AC:  4    Str: 31    XL:     9   Next: 65%
Magic:  8/8        EV: 11    Int:  9    God:    Trog [***...]
Gold:   207        SH:  0    Dex:  9    Spells: 8/8 levels left

rFire   + + .      SeeInvis .   t - +2 demon blade (venom)
rCold   + . .      Faith    .   (no shield)
rNeg    . . .      Spirit   .   K - +0 robe
rPois   .          Reflect  .   (helmet restricted)
rElec   .          Harm     .   k - scarf {rC+ rF+}
rCorr   .          Rampage  .   (gloves unavailable)
Will    .....                   (boots unavailable)
Stlth   +.........              (no amulet)
HPRegen 1.04/turn               H - ring of protection from fire
MPRegen 0.11/turn               S - +6 ring of intelligence

@: on berserk cooldown, slowed, very slow
A: large, unfitting armour, claws 3, regeneration 1, shaggy fur 1, tough skin 1
a: Renounce Religion, Berserk, Trog's Hand


You were on level 7 of the Dungeon.
You worshipped Trog.
Trog was most pleased with you.
You visited 2 branches of the dungeon, and saw 8 of its levels.

You collected 347 gold pieces.
You spent 140 gold pieces at shops.

Inventory:

Hand Weapons
 a - a +0 falchion
 h - a +0 halberd
 i - a +0 spear
 j - a +0 vampiric spear
 m - a +0 dagger of flaming
 o - a +0 dire flail
 t - a +2 demon blade of venom (weapon)
 B - a +0 mace
 C - a +0 hunting sling
 F - a +0 quarterstaff
 J - a +1 whip of freezing
 L - a +0 trident
 M - a +0 rapier
 N - a +0 glaive
 T - a +0 shortbow
 W - a +1 whip of venom
Missiles
 d - 171 stones (quivered)
 f - 8 poisoned darts
 g - a throwing net
 l - 158 arrows
 y - 89 sling bullets
 U - 14 bolts
Armour
 b - a +0 animal skin
 k - a scarf of resistance (worn)
 q - a +1 helmet
 K - a +0 robe (worn)
Jewellery
 w - a ring of ice
 H - a ring of protection from fire (left claw)
 S - a +6 ring of intelligence (right claw)
Wands
 D - a wand of paralysis (5)
Scrolls
 e - a scroll of teleportation
 r - a scroll of fog {unknown}
 u - 2 scrolls of immolation
 v - a scroll of fear {unknown}
 x - a scroll of summoning {unknown}
 z - a scroll of blinking {unknown}
 A - a scroll of enchant weapon
 O - a scroll of acquirement {unknown}
 Q - a scroll of silence {unknown}
Potions
 c - 3 potions of mutation
 n - a potion of heal wounds {unknown}
 p - a potion of degeneration {unknown}
 s - 2 potions of curing
 E - a potion of attraction {unknown}
 G - 2 potions of berserk rage {unknown}
 P - a potion of cancellation {unknown}
 R - 2 potions of haste {unknown}
 V - a potion of might {unknown}


   Skills:
 + Level 6.2 Fighting
 + Level 8.7 Long Blades
 + Level 5.6 Dodging
 + Level 1.0 Stealth


You had 8 spell levels left.
You didn't know any spells.
Your spell library contained the following spells:

 Spells                   Type           Power      Damage    Failure   Level
 Animate Skeleton         Necr           0%         N/A       38%         1
 Apportation              Tloc           0%         N/A       38%         1
 Pain                     Necr           0%         1d4       38%         1
 Vampiric Draining        Necr           0%         2d6       77%         3
 Alistair's Intoxication  Tmut/Pois      0%         N/A       100%        5


Dungeon Overview and Level Annotations

Branches:
Dungeon (7/15)             Temple (1/1) D:4

Altars:
Dithmenos
Elyvilon
Fedhas
Gozag
Hepliaklqana
Kikubaaqudgha
Nemelex Xobeh
Okawaru
Qazlal
Ru
Trog
Uskayaw
Vehumet
Wu Jian
Yredelemnul
The Shining One

Shops:
D:6 ((:(   D:7 *


Innate Abilities, Weirdness & Mutations

You are too large for most types of armour.
You have claws for hands.
Your natural rate of healing is unusually fast.
You are covered in fur. (AC +1)
You have tough skin. (AC +1)


Message History

Joseph is heavily wounded.
The orc hits you with a +0 dagger.
* * * LOW HITPOINT WARNING * * *
You slash Joseph!
Joseph looks as sick as possible!
Joseph is severely wounded.
Joseph closely misses you. The orc barely misses you.
You slash Joseph!
Joseph looks as sick as possible!
Joseph is almost dead.
Joseph barely misses you.
You slice Joseph!!
You feel the power of Trog in you as your rage grows.
You kill Joseph!
Trog accepts your kill. The orc hits you with a +0 dagger.
* * * LOW HITPOINT WARNING * * *
Your Fighting skill increases to level 6!
You slice the orc!!
You kill the orc!
Trog accepts your kill.
You feel a strong urge to attack something.
You see here a +0 dagger.
y - 89 sling bullets (gained 25)
Things that are here:
a +0 quarterstaff; a +0 hunting sling; a +0 ring mail
C - a +0 hunting sling;
F - a +0 quarterstaff You feel your anger nearly subside.
You are no longer berserk.
You are exhausted.
You feel yourself slow down.
A wyvern comes into view.
The wyvern hisses angrily.
Things that are here:
a +0 giant club; an ogre corpse The wyvern hisses menacingly.
The wyvern barely misses you.
You feel better. The wyvern bites you!
* * * LOW HITPOINT WARNING * * *
The wyvern bites you!
* * * LOW HITPOINT WARNING * * *
You closely miss the wyvern. The wyvern bites you!
You die...

.. ..#.#
..##....###
....)..#..
#.#....#.#
.....#.# #### #
##.?...# ..#.#
..#.#.#####.#.#
#l#...........#
##@###.#####.###
#.####.)[##.# #.#
#.....[.)...# #.#
.#
#..#######...####
#.# .# #..# ##.##
#.# .# #..# #.#
#.# .###.#..# #.#
#.# .....#..# #.#
#.# .#####..# #.#
#.#


You could see a wyvern.

Vanquished Creatures
  Pikel (D:4)
  Joseph (D:7)
  Grinder (D:4)
  Eustachio (D:4)
  Menkaure (D:5)
  An orc warrior (D:6)
  2 ice beasts (D:6)
  A black bear (D:5)
  The ghost of tkbsonic5 the Chopper, an amateur MiBe of Trog (D:4)
  A necrophage (D:5)
  3 sky beasts
  3 ogres
  A centaur (D:6)
  4 lemures (D:4)
  A gnoll sergeant (D:6)
  A bullfrog (D:6)
  2 scorpions
  A jelly (D:6)
  A centaur zombie (D:5)
  A hound (D:5)
  Ijyb (D:4)
  A centaur skeleton (D:5)
  An orc wizard (D:6)
  Natasha (thrice) (D:3)
  3 iguanas
  12 gnolls
  2 adders
  A white imp (D:7)
  2 ufetubi
  A worm (D:4)
  A dart slug (D:1)
  14 orcs
  2 ball pythons
  5 endoplasms
  2 giant cockroaches (D:3)
  5 goblins
  5 hobgoblins
  2 jackals (D:4)
  2 quokkas
  8 bats
  A frilled lizard (D:3)
  6 kobolds
  2 rats
  2 bushes (D:1)
113 creatures vanquished.

Vanquished Creatures (others)
  2 plants (D:1)
2 creatures vanquished.

Grand Total: 115 creatures vanquished

Notes
Turn   | Place    | Note
-------+----------+-------------------------------------------
     0 | D:1      | NotaViper the Troll Berserker began the quest for the Orb.
     0 | D:1      | Reached XP level 1. HP: 22/22 MP: 0/0
  1111 | D:2      | Identified the +1 ring mail of the Moon {rElec}
  1134 | D:2      | Reached XP level 2. HP: 27/29 MP: 1/1
  1400 | D:2      | Reached skill level 3 in Long Blades
  1400 | D:2      | Reached XP level 3. HP: 22/36 MP: 2/2
  1724 | D:3      | Reached ** piety under Trog
  1809 | D:3      | Found a faded altar of an unknown god.
  2012 | D:3      | Noticed Natasha
  2014 | D:3      | Killed Natasha
  2015 | D:3      | Reached XP level 4. HP: 44/44 MP: 3/3
  2084 | D:3      | Noticed Natasha
  2091 | D:3      | Killed Natasha
  2125 | D:3      | Noticed Natasha
  2136 | D:3      | Killed Natasha
  2465 | D:4      | Noticed Ijyb
  2472 | D:4      | Killed Ijyb
  2473 | D:4      | Reached XP level 5. HP: 53/53 MP: 4/4
  2572 | D:4      | Reached skill level 4 in Long Blades
  2644 | D:4      | Found a runed translucent door.
  2644 | D:4      | Noticed tkbsonic5's ghost (amateur MiBe)
  2729 | D:4      | Noticed Grinder
  2747 | D:4      | Killed Grinder
  2748 | D:4      | Reached XP level 6. HP: 32/61 MP: 5/5
  2787 | D:4      | Noticed Pikel
  2827 | D:4      | Found a stormy altar of Qazlal.
  2989 | D:4      | Killed Pikel
  2990 | D:4      | Reached skill level 6 in Long Blades
  2990 | D:4      | Reached XP level 7. HP: 8/70 MP: 6/6
  3296 | D:4      | Noticed Eustachio
  3319 | D:4      | Killed Eustachio
  3320 | D:4      | Reached XP level 8. HP: 72/78 MP: 7/7
  3364 | D:4      | Found a staircase to the Ecumenical Temple.
  3380 | Temple   | Entered the Ecumenical Temple
  3727 | D:4      | Killed tkbsonic5's ghost
  3770 | D:5      | Entered Level 5 of the Dungeon
  3827 | D:5      | Found a white marble altar of Elyvilon.
  3892 | D:5      | Reached skill level 7 in Long Blades
  4155 | D:5      | Noticed Menkaure
  4165 | D:5      | Killed Menkaure
  4166 | D:5      | Reached skill level 5 in Fighting
  4472 | D:6      | Found a sacrificial altar of Ru.
  4623 | D:6      | Reached skill level 1 in Stealth
  4623 | D:6      | Reached XP level 9. HP: 74/88 MP: 8/8
  4624 | D:6      | Reached *** piety under Trog
  4696 | D:6      | Found Gazif's Antique Weapon Emporium.
  4702 | D:6      | Found Ytetorph's Weapon Shoppe.
  4733 | D:6      | Found Oplok's Book Boutique.
  4749 | D:6      | Reached skill level 5 in Dodging
  4819 | D:6      | Reached skill level 8 in Long Blades
  4965 | D:6      | Found Esyt's Assorted Antiques.
  5095 | D:6      | Found Vupt's Weapon Emporium.
  5324 | D:7      | Found Fopuzek's Assorted Antiques.
  5334 | D:7      | Bought a runed glass ring for 140 gold pieces
  5464 | D:7      | Noticed Joseph
  5490 | D:7      | Killed Joseph
  5500 | D:7      | Slain by a wyvern

Illustrated notes

Levels and vault maps discovered:
D:1:      scummos_arrival_star, layout_loops_cross, serial_forest,
          infiniplex_forest_end_2, infiniplex_forest_clump_curved,
          infiniplex_forest_clump_cross, infiniplex_forest_straight_2,
          infiniplex_forest_clump_double, infiniplex_forest_clump_medium,
          infiniplex_forest_zigzag_1, infiniplex_forest_lined_room_,
          infiniplex_forest_straight_1
D:2:      layout_basic, minmay_tripent
D:3:      layout_loops_corners, shapermc_ecumenical_altar_notcrosses,
          kennysheep_generic_room_13, uniq_natasha
D:4:      layout_basic, old_standard_altar, minmay_temple_entry_nine_rooms,
          gammafunk_ghost_grave, uniq_eustachio, uniq_pikel, uniq_ijyb,
          uniq_grinder
D:5:      layout_rooms, lemuel_doored_altar, uniq_menkaure
D:6:      layout_basic, mainiacjoe_overflow_boulevard, serial_shops, shop,
          kennysheep_little_box, nicolae_shop_competitors_out_of_business,
          shop_statue, nicolae_shop_bloodbath_and_beyond
D:7:      nicolae_cairo_tiling_large_dashed, layout_loops_ring,
          general_overflow_altar, serial_shops, nicolae_shop_overgrown_old_shop,
          eino_jars, uniq_harold, uniq_joseph
Temple:   nicolae_temple_figure_eight

Skill      XL: |  1  2  3  4  5  6  7  8  9 |
---------------+----------------------------+-----
Long Blades    | 3 4 6 7 8 |  8.7
Dodging        | 3 4 5 |  5.6
Fighting       | 3 4 5 6 |  6.2
Stealth        | 1 |  1.0

Action                   |  1- 3 |  4- 6 |  7- 9 || total
-------------------------+-------+-------+-------++-------
Melee: Falchion          |   244 |       |       ||   244
       Punch             |     9 |       |     4 ||    13
       Demon blade       |    51 |   104 |   212 ||   367
Invok: Berserk           |       |     1 |     4 ||     5
Evoke: Wand              |       |       |     1 ||     1
  Use: Scroll            |       |     4 |     3 ||     7
       Potion            |       |       |     1 ||     1
Armor: Animal skin       |    57 |    25 |     6 ||    88
       Robe              |       |       |    40 ||    40
Dodge: Dodged            |    81 |    48 |   109 ||   238
